 Dungeon Crawl Stone Soup version 0.30-a0-847-g17996783a1 (webtiles) character file.

Game seed: 10123865455858787211

27979 Pimp the Protected (level 13, -9/121 HPs)
             Began as an Armataur Fighter on Mar 3, 2023.
             Was a High Priest of Okawaru.
             Mangled by a lindwurm (19 damage)
             ... summoned by Kirke
             ... on level 12 of the Dungeon.
             The game lasted 00:31:17 (13494 turns).

Pimp the Protected (Armataur Fighter)              Turns: 13494, Time: 00:31:17

Health: -9/121     AC:  0    Str: 27    XL:     13   Next: 7%
Magic:  13/13      EV: 13    Int:  7    God:    Okawaru [*****.]
Gold:   786        SH:  0    Dex: 13    Spells: 12/12 levels left

rFire   . . .      SeeInvis .    D - melded +5 trident (flame)
rCold   . . .      Faith    +    c - melded +0 buckler
rNeg    . . .      Spirit   .    b - melded +0 scale mail
rPois   .          Reflect  .    (helmet currently unavailable)
rElec   .          Roll     +    w - melded +0 cloak
rCorr   .                        i - melded +0 pair of gloves
Will    .....                    f - melded +1 barding
Stlth   +                        p - amulet of faith
HPRegen 0.40/turn                l - melded +5 ring of evasion
MPRegen 0.13/turn                (ring currently unavailable)

@: pig-form, hasted, very quick
A: fast, no casting, small, rugged brown scales 3, (deformed body), (armoured
tail), roll, long tongue, awkward tongue, (stinger 1), agile 1, (fire resistance
1)
a: Renounce Religion, Heroism, Finesse, Duel


You were on level 12 of the Dungeon.
You worshipped Okawaru.
Okawaru was extremely pleased with you.
You were a filthy swine.
You visited 2 branches of the dungeon, and saw 13 of its levels.
You also visited: Ossuary.

You collected 786 gold pieces.

Inventory:

Hand Weapons
 a - a +0 war axe
 D - a +5 trident of flaming (melded)
 E - a +0 war axe of chaos
Missiles
 L - 2 throwing nets
Armour
 b - a +0 scale mail (melded)
 c - a +0 buckler (melded)
 f - a +1 barding (melded)
 i - a +0 pair of gloves (melded)
 w - a +0 cloak (melded)
Jewellery
 e - a ring of flight
 l - a +5 ring of evasion (melded)
 p - an amulet of faith (around neck)
 s - an amulet of guardian spirit
 v - a ring of protection from fire
Wands
 y - a wand of paralysis (4) (quivered)
 B - a wand of polymorph (13)
 H - a wand of light (9)
 J - a wand of mindburst (13)
Scrolls
 h - a scroll of fog
 n - 2 scrolls of immolation
 o - 19 scrolls of identify
 q - 4 scrolls of teleportation
 r - 4 scrolls of noise
 x - 3 scrolls of magic mapping
 G - 3 scrolls of blinking
Potions
 d - a potion of might
 g - 5 potions of attraction
 j - 3 potions of lignification
 k - a potion of flight
 t - 7 potions of heal wounds
 u - 2 potions of resistance
 z - 2 potions of brilliance
 A - 2 potions of magic
 C - a potion of berserk rage
 F - 2 potions of invisibility
 I - a potion of mutation


   Skills:
 + Level 10.7 Fighting
 + Level 9.6 Axes
 + Level 13.7 Armour
 + Level 12.6 Shields


You had 12 spell levels left.
You didn't know any spells.
Your spell library contained the following spells:

 Spells                   Type           Power      Damage    Failure   Level
 Portal Projectile        Hex/Tloc       0%         N/A       80%         3
 Leda's Liquefaction      Hex/Erth       0%         N/A       99%         4
 Olgreb's Toxic Radiance  Pois           0%         N/A       99%         4
 Passage of Golubria      Tloc           0%         N/A       99%         4
 Yara's Violent Unravell  Hex/Tmut       0%         3d3       100%        5
 Ozocubu's Refrigeration  Ice            0%         4d7       100%        7
 Ignition                 Fire           0%         3d3       100%        8
 Call Canine Familiar     Summ           Unusable   N/A       N/A         3
 Tukima's Dance           Hex            Unusable   N/A       N/A         3

Dungeon Overview and Level Annotations

Branches:
Dungeon (12/15)            Temple (1/1) D:4            Lair (0/5) D:8
    Orc (0/2) D:10        Ossuary (visited)

Altars:
Ashenzari
Elyvilon
Fedhas
Gozag
Hepliaklqana
Kikubaaqudgha
Okawaru
Qazlal
Ru
Sif Muna
Trog
Uskayaw
Vehumet
Wu Jian
Xom
Yredelemnul
The Shining One

Shops:
D:1 *   D:4 :   D:7 =   D:9 *   D:11 :

Annotations:
D:4 3 runed translucent doors, Darkkill's ghost, amateur MiHu
D:6 1 runed translucent door, deadpool521's ghost, novice HOFi
D:10 2 transporters, greenreed's ghost, journeyman SpCj
D:12 Kirke


Innate Abilities, Weirdness & Mutations

You are a filthy swine.
You move quickly.
Your equipment is almost entirely melded.
You are incapable of wielding weapons or throwing items.
You cannot cast spells.
(You are completely covered in rugged brown scales. (AC +3, +7% HP))
((Armour fits poorly on your strangely shaped body.))
((You have a long armoured tail.))
You roll when moving toward enemies. (Rampage)
Your long tongue fully drains potion bottles. (2x potion effects)
Your tongue gives you trouble enunciating. (1.5x scroll delay)
((Your tail ends in a venomous barb.))
You are agile. (Dex +4, Str/Int -1)
((Your flesh is heat resistant. (rF+)))


Message History

Kirke points at you and mumbles some strange words.
You turn into a filthy swine.
Your +5 trident of flaming melds into your body.
Your +0 cloak melds into your body.
Your +0 pair of gloves melds into your body.
Your +1 barding melds into your body.
Your +0 buckler melds into your body.
Your +0 scale mail melds into your body.
Your +5 ring of evasion melds into your body.
Your +5 trident of flaming stops flaming.
The lindwurm bites you! The lindwurm claws you! x2
You bite Kirke!
Kirke is severely wounded.
The hog bites you.
You slurp down every last drop of the potion of haste!
You feel yourself speed up. The hog closely misses you.
Kirke drinks a potion.
Kirke is healed!
The lindwurm closely misses you. The lindwurm claws you.
The lindwurm closely misses you. The hog barely misses you.
You are stuck in your current form!
You bite Kirke!
Kirke is severely wounded.
Kirke hits you. The lindwurm bites you! The lindwurm misses you.
The lindwurm claws you.
You bite Kirke!
Kirke is severely wounded.
The hog bites you.
You closely miss Kirke.
Kirke is severely wounded.
Kirke gestures wildly while chanting.
Kirke summons a lindwurm!
The lindwurm breathes flames at you. The blast of flame hits you!!!
* * * LOW HITPOINT WARNING * * *
You hit Kirke.
Kirke is severely wounded.
The hog bites you.
* * * LOW HITPOINT WARNING * * *
Kirke hits you.
* * * LOW HITPOINT WARNING * * *
The lindwurm bites you!!
You die...

##.########## ###+###
#...#### ###....###
####...# ####.## #.....#
##+# ### #.....# g....
..#######.....####hg....
..'....##.....##h@hgg?..
..####........#kh#hh....
..# ####.....#k## g....
### #.......# ....
#.....### ... #.....# ##
####.## ..# +###


You could see Kirke, 2 lindwurms, 5 hogs, a gnoll sergeant and 4 gnolls.

Vanquished Creatures
  Erolcha (D:9)
  A centaur warrior (D:11)
  3 two-headed ogres
  A deep troll (D:8)
  Pikel (D:5)
  An ugly thing (D:12)
  Maurice (D:12)
  A gargoyle (D:12)
  Psyche (D:10)
  Maggie (D:7)
  A kobold demonologist (D:11)
  3 trolls (D:10)
  3 hornets
  Sigmund (D:2)
  A slime creature (D:12)
  A shadow (D:10)
  A spriggan (shapeshifter) (D:10)
  A wyvern (D:10)
  18 yaks
  3 vampire mosquitoes (D:12)
  A steam dragon (D:7)
  Edmund (D:5)
  An acid dragon (D:8)
  3 water moccasins
  4 orc warriors
  2 black bears
  7 centaurs
  5 ogres
  A phantom (D:5)
  4 kobold brigands (D:10)
  Blork the orc (D:6)
  6 bullfrogs
  4 gnoll sergeants
  2 scorpions
  8 wights
  4 killer bees (D:7)
  An electric eel (D:9)
  3 howler monkeys
  A centaur zombie (Ossuary)
  3 jellies (D:5)
  7 orc priests
  A human zombie (Ossuary)
  Crazy Yiuf (D:7)
  3 hounds (D:6)
  A sleepcap (D:5)
  2 gnoll boudas
  Ijyb (D:3)
  4 iguanas
  12 orc wizards
  3 mummies
  19 gnolls
  15 adders
  A shadow imp (D:6)
  A worm (D:4)
  3 dart slugs
  37 orcs
  6 endoplasms
  2 giant cockroaches
  10 hobgoblins
  3 jackals
  2 quokkas
  2 ball pythons (D:2)
  15 bats
  3 frilled lizards
  2 gnoll zombies (Ossuary)
  9 goblins
  2 goblin zombies
  10 kobolds
  3 kobold zombies
  An orc zombie (Ossuary)
  4 rats
292 creatures vanquished.

Vanquished Creatures (others)
  A kobold brigand (D:7)
  A kobold (D:7)
  15 plants (D:9)
17 creatures vanquished.

Grand Total: 309 creatures vanquished

Notes
Turn   | Place    | Note
-------+----------+-------------------------------------------
     0 | D:1      | Pimp the Armataur Fighter began the quest for the Orb.
     0 | D:1      | Reached XP level 1. HP: 19/19 MP: 1/1
   301 | D:1      | Reached XP level 2. HP: 26/26 MP: 2/2
   564 | D:1      | Found Wimmacwi's General Store.
   746 | D:2      | Reached skill level 4 in Armour
   826 | D:2      | Noticed Sigmund
   861 | D:2      | Killed Sigmund
   862 | D:2      | Reached XP level 3. HP: 33/33 MP: 3/3
   862 | D:2      | Reached XP level 4. HP: 41/41 MP: 4/4
   862 | D:2      | Reached XP level 5. HP: 48/48 MP: 5/5
  1398 | D:2      | Noticed a golden eye
  1400 | D:2      | Found a faded altar of an unknown god.
  1401 | D:2      | Noticed a great orb of eyes
  1401 | D:2      | Noticed a great orb of eyes
  1401 | D:2      | Noticed a great orb of eyes
  1445 | D:2      | Reached skill level 5 in Armour
  1827 | D:3      | Reached XP level 6. HP: 41/55 MP: 6/6
  2375 | D:3      | Noticed Ijyb
  2379 | D:3      | Paralysed by Ijyb for 4 turns
  2386 | D:3      | Paralysed by Ijyb for 4 turns
  2391 | D:3      | Killed Ijyb
  2507 | D:4      | Found a sand-covered staircase.
  2514 | Ossuary  | Entered an ossuary
  2802 | Ossuary  | Reached skill level 5 in Shields
  3075 | D:4      | Reached XP level 7. HP: 59/63 MP: 7/7
  3108 | D:4      | Found Yroanen's Book Shoppe.
  3146 | D:4      | Found a runed translucent gate.
  3147 | D:4      | Found a runed translucent gate.
  3147 | D:4      | Noticed Darkkill's ghost (amateur MiHu)
  3148 | D:4      | Found a runed translucent gate.
  3200 | D:4      | Found a staircase to the Ecumenical Temple.
  3218 | Temple   | Entered the Ecumenical Temple
  3428 | Temple   | Became a worshipper of Warmaster Okawaru
  3720 | D:5      | Entered Level 5 of the Dungeon
  3776 | D:5      | Reached skill level 6 in Armour
  4031 | D:5      | Reached * piety under Okawaru
  4072 | D:5      | Reached skill level 5 in Fighting
  4072 | D:5      | Reached XP level 8. HP: 51/72 MP: 8/8
  4624 | D:5      | Noticed Edmund
  4641 | D:5      | Killed Edmund
  4642 | D:5      | Reached skill level 7 in Armour
  5184 | D:5      | Reached ** piety under Okawaru
  5407 | D:5      | Noticed Pikel
  5417 | D:5      | Killed Pikel
  5418 | D:5      | Reached skill level 5 in Axes
  5466 | D:6      | Noticed Blork the orc
  5473 | D:6      | Reached skill level 8 in Armour
  5473 | D:6      | Reached XP level 9. HP: 42/80 MP: 9/9
  5612 | D:6      | Killed Blork the orc
  6177 | D:6      | Noticed deadpool521's ghost (novice HOFi)
  6185 | D:6      | Found a runed translucent door.
  6462 | D:7      | Reached *** piety under Okawaru
  6713 | D:7      | Noticed Maggie
  6727 | D:7      | Killed Maggie
  6728 | D:7      | Reached skill level 9 in Armour
  7196 | D:7      | Reached **** piety under Okawaru
  7197 | D:7      | Reached XP level 10. HP: 42/92 MP: 10/10
  7383 | D:7      | Found Ipsuif's Jewellery Emporium.
  7548 | D:7      | Found a runed translucent door.
  7549 | D:7      | Noticed Crazy Yiuf
  7586 | D:7      | Reached skill level 12 in Armour
  7586 | D:7      | Reached XP level 11. HP: 103/103 MP: 11/11
  7586 | D:7      | Reached XP level 12. HP: 112/112 MP: 12/12
  7590 | D:7      | Killed Crazy Yiuf
  7841 | D:8      | Identified the +2 robe of Yxkeaxze {+Blink rF++ Regen+
                  | Str-5}
  8575 | D:8      | Noticed a two-headed ogre
  8577 | D:8      | Gained mutation: Your tail ends in a venomous barb. [potion
                  | of mutation]
  8577 | D:8      | Gained mutation: Your flesh is heat resistant. (rF+)
                  | [potion of mutation]
  8577 | D:8      | Gained mutation: You are agile. (Dex +4, Str/Int -1)
                  | [potion of mutation]
  8581 | D:8      | a two-headed ogre changed into a deep troll
  8699 | D:8      | Found a staircase to the Lair.
  8891 | D:9      | Found Fufuhibas's Assorted Antiques.
  9199 | D:9      | Noticed Erolcha
  9229 | D:9      | Killed Erolcha
  9313 | D:9      | Paralysed by a hornet for 2 turns
  9840 | D:9      | Found a stormy altar of Qazlal.
  9840 | D:9      | Found an opulent altar of Gozag.
 10138 | D:10     | Entered Level 10 of the Dungeon
 10200 | D:10     | Paralysed by a hornet for 2 turns
 10217 | D:10     | Paralysed by a hornet for 3 turns
 10703 | D:10     | Noticed greenreed's ghost (journeyman SpCj)
 10719 | D:10     | Found a transporter.
 10723 | D:10     | Found a transporter.
 10921 | D:10     | Noticed Psyche
 10935 | D:10     | Killed Psyche
 10936 | D:10     | Reached skill level 10 in Fighting
 10991 | D:10     | Reached ***** piety under Okawaru
 11296 | D:10     | Found a staircase to the Orcish Mines.
 11342 | D:10     | Received a gift from Okawaru
 11347 | D:10     | Reached skill level 13 in Armour
 11519 | D:11     | Noticed a two-headed ogre
 11626 | D:10     | Killed a two-headed ogre
 11626 | D:10     | Received a gift from Okawaru
 11778 | D:11     | Noticed a centaur warrior
 11788 | D:11     | Killed a centaur warrior
 11965 | D:11     | Identified the +2 long sword of the Briny Deep {heavy,
                  | Str+5}
 12362 | D:11     | Found Fukk's Tremendous Tomes.
 12752 | D:12     | Noticed a two-headed ogre
 12761 | D:12     | Killed a two-headed ogre
 12844 | D:12     | Noticed a boulder beetle
 12930 | D:12     | Noticed Maurice
 12943 | D:12     | Killed Maurice
 13086 | D:12     | Received a gift from Okawaru
 13087 | D:12     | Reached XP level 13. HP: 70/121 MP: 13/13
 13480 | D:12     | Noticed Kirke
 13494 | D:12     | Mangled by a lindwurm

Illustrated notes

Levels and vault maps discovered:
D:1:      dpeg_arrival_snail, layout_basic, serial_shops,
          nicolae_shop_behind_doors, minmay_close_crescents
D:2:      minmay_thinvault, layout_loops_ring,
          hellmonk_ecumenical_altar_watching_god, uniq_sigmund
D:3:      layout_rooms, uniq_ijyb
D:4:      layout_cave_pools, minmay_temple_entry_antechambers, serial_shops,
          shop, biasface_ghost_orc_armoury, nicolae_ossuary_entry_giza,
          nicolae_elevator_lobby_asterisk
D:5:      layout_basic, minmay_starry_boxes, uniq_pikel, uniq_edmund
D:6:      layout_rooms, hellmonk_ghost_happy_afterlife, st_stairs_8,
          uniq_blork_the_orc
D:7:      layout_rooms, serial_shops, nicolae_lakefront_shop, serial_curves,
          eino_curves_01, eino_curves_01, eino_curves_04,
          uniq_crazy_yiuf_cottage, uniq_maggie
D:8:      layout_basic, lair_entry_dummy
D:9:      layout_long_grid, nicolae_overflow_two_pavilions, roderic_batcave,
          nicolae_stop_n_shop_1, serial_bayou_lagoon_a, water_boxes_lemuel,
          uniq_erolcha
D:10:     layout_long_grid, kennysheep_orc_monster_closet_entryway,
          gammafunk_ghost_hive, uniq_psyche
D:11:     layout_cave_pods, nicolae_shop_i_like_big_books
D:12:     layout_roguey, uniq_maurice, uniq_kirke
Temple:   mainiacjoe_temple_cubbyholes

Skill      XL: |  1  2  3  4  5  6  7  8  9 10 11 12 |
---------------+-------------------------------------+-----
Armour         | 4 5 6 8 9 12 13 | 13.7
Fighting       | 3 4 5 6 7 9 10 | 10.7
Axes           | 2 3 4 5 6 8 9 |  9.6
Shields        | 4 5 6 7 8 11 12 | 12.6

Action                     |  1- 3 |  4- 6 |  7- 9 | 10-12 | 13-15 || total
---------------------------+-------+-------+-------+-------+-------++-------
  Melee: War axe           |    56 |   187 |   397 |   447 |    26 ||  1113
         Tailslap          |     6 |    19 |    49 |    74 |     6 ||   154
         Trident           |       |       |       |       |     8 ||     8
         Unarmed           |       |       |       |       |     5 ||     5
  Evoke: Wand              |       |       |       |     4 |       ||     4
    Use: Potion            |     2 |       |     7 |    14 |     1 ||    24
         Scroll            |       |     4 |     8 |     4 |       ||    16
   Stab: Invisible         |       |       |       |     1 |       ||     1
 Armour: Scale mail        |    34 |   151 |   369 |   257 |     8 ||   819
         Skin              |    11 |       |       |       |       ||    11
  Dodge: Dodged            |    12 |    40 |   135 |   209 |    18 ||   414
  Block: Buckler           |     3 |    36 |   138 |   154 |    10 ||   341

Table legend: (Time is in decaauts)
 A = Elapsed time spent in this place.
 B = Non-inter-level travel time spent in this place.
 C = Inter-level travel time spent in this place.
 D = Time resting spent in this place.
 E = Time spent auto-exploring this place.
 F = Levels seen in this place.
 G = Mean time per level.
                   A        B        C        D        E       F      G
               +--------+--------+--------+--------+--------+-----+--------+
         Total |  13681 |  12885 |    796 |   3062 |   6666 |  14 |  977.2 |
       Dungeon |  12992 |  12213 |    779 |   2867 |   6364 |  12 | 1082.7 |
        Temple |    228 |    211 |     17 |      0 |    200 |   1 |  228.0 |
       Ossuary |    459 |    459 |      0 |    195 |    102 |   1 |  459.0 |
               +--------+--------+--------+--------+--------+-----+--------+

Top non-repeatable levels by time:
     D:5: 1815 daAuts
    D:10: 1614 daAuts
     D:8: 1420 daAuts
     D:7: 1223 daAuts
     D:2: 1117 daAuts
     D:9: 1091 daAuts
    D:11: 960 daAuts
     D:6: 897 daAuts
    D:12: 772 daAuts
     D:1: 729 daAuts
     D:4: 718 daAuts
     D:3: 631 daAuts
 Ossuary: 459 daAuts
  Temple: 228 daAuts
